 Dungeon Crawl Stone Soup version 0.30-a0-358-g0d69a1922f (webtiles) character file.

Game seed: 4518112864381912550

429 koil the Charlatan (level 6, 0/51 HPs)
             Began as a Hill Orc Wanderer on Nov 9, 2022.
             Killed by divine providence
             ... invoked by an orc priest
              (14 damage)
             ... on level 3 of the Dungeon.
             The game lasted 00:08:19 (2066 turns).

koil the Charlatan (Hill Orc Wanderer)              Turns: 2066, Time: 00:08:19

Health: 0/51       AC:  9    Str: 16    XL:     6   Next: 98%
Magic:  6/6        EV:  7    Int:  9    God:
Gold:   136        SH:  0    Dex: 14    Spells: 5/5 levels left

rFire   . . .      SeeInvis .    b - +2 dagger (vamp)
rCold   . . .      Faith    .    (no shield)
rNeg    . . .      Spirit   .    i - +0 chain mail
rPois   .          Reflect  .    (no helmet)
rElec   .          Harm     .    (no cloak)
rCorr   .          Rampage  .    (no gloves)
Will    .....                    (no boots)
Stlth   ..........               (no amulet)
HPRegen 0.28/turn                (no ring)
MPRegen 0.10/turn                (no ring)

@: no status effects
A: no striking features
a: Convert to Beogh


You were on level 3 of the Dungeon.
You visited 1 branch of the dungeon, and saw 3 of its levels.

You collected 136 gold pieces.

Inventory:

Hand Weapons
 a - a +0 sling
 b - a +2 vampiric dagger (weapon)
Missiles
 l - a throwing net {!f}
 s - 5 poisoned darts
Armour
 e - a +0 leather armour
 f - a +0 scale mail
 i - a +0 chain mail (worn)
Wands
 k - a wand of mindburst (5) (quivered)
Scrolls
 c - a scroll of fog
 g - 5 scrolls of identify {unknown}
 h - 2 scrolls of teleportation {unknown}
 j - 2 scrolls of blinking {unknown}
 m - a scroll of noise {unknown}
 o - a scroll of enchant weapon {unknown}
 q - a scroll of poison {unknown}
Potions
 d - a potion of invisibility
 p - 2 potions of heal wounds
 r - a potion of curing {unknown}
 t - 2 potions of degeneration {unknown}


   Skills:
 + Level 3.3 Fighting
 + Level 3.9 Ranged Weapons
 + Level 3.4 Armour
 + Level 3.0 Dodging
 + Level 5.0 Evocations


You had 5 spell levels left.
You didn't know any spells.
Your spell library contained the following spells:

 Spells                   Type           Power      Damage    Failure   Level
 Magic Dart               Conj           0%         1d3       100%        1
 Call Imp                 Summ           0%         N/A       100%        2
 Frozen Ramparts          Ice            0%         1d1       100%        3
 Mephitic Cloud           Conj/Pois/Air  0%         N/A       100%        3
 Stone Arrow              Conj/Erth      0%         3d7       100%        3
 Animate Armour           Summ/Erth      0%         N/A       100%        4
 Ice Form                 Ice/Tmut       0%         N/A       100%        4
 Summon Ice Beast         Ice/Summ       0%         N/A       100%        4
 Lehudib's Crystal Spear  Conj/Erth      0%         10d2      100%        8


Dungeon Overview and Level Annotations

Branches:
Dungeon (3/15)

Altars:

Shops:
D:3 ?

Annotations:
D:3 1 runed translucent door, Crazy Yiuf


Message History

You shoot a sling bullet.
The sling bullet closely misses the orc priest.
The orc priest shouts, "Surrender to Beogh and we'll let you live!"
The sling bullet hits the orc.
The orc is heavily wounded.
The orc priest calls down the wrath of Beogh upon you.
Beogh smites you!
You are too injured to fight recklessly!
Fire: a) +0 sling
Press: ? - help, Q - select action, (/) - cycle Shift-Dir - straight line, f/p - orc priest
Aim: an orc priest, wielding a +0 falchion and wearing a +0 ring mail (lightly wounded, 61% to hit)
You shoot a sling bullet.
The sling bullet closely misses the orc priest.
The sling bullet hits the orc but does no damage.
The orc is heavily wounded.
Fire: a) +0 sling
Press: ? - help, Q - select action, (/) - cycle Shift-Dir - straight line, f/p - orc priest
Aim: an orc priest, wielding a +0 falchion and wearing a +0 ring mail (lightly wounded, 61% to hit)
You shoot a sling bullet.
The sling bullet hits the orc priest but does no damage.
The orc priest is lightly wounded.
You hear an angry hiss.
The orc priest hits you with a +0 falchion.
The orc priest hits you but does no damage.
You are too injured to fight recklessly!
You are too injured to fight recklessly!
You are too injured to fight recklessly!
You are too injured to fight recklessly!
You feel a sense of dread.
b - a +2 vampiric dagger (weapon)
You barely miss the orc priest.
The orc priest is lightly wounded.
The orc priest threatens, "By the altar or by the axe, you will meet Beogh!"
The orc priest hits you with a +0 falchion.
* * * LOW HITPOINT WARNING * * *
You hit the orc priest but do no damage.
The orc priest is lightly wounded.
The orc priest invokes the aid of Beogh against you.
Beogh smites you!
You die...

#.# #..........#
#.########
############
#.........
####.>######.
......# #.#
####.## #.# #.#
#.# #.# #.# ###
#.# #.###@# #.#
#.##>#o#
#.#######.#.###g#
#..........##


#oo ###########.# #.. #.# .... #.# ... ## .. You could see an orc priest, 2 orcs
and a goblin.

Vanquished Creatures
  Grinder (D:3)
  Pargi (D:3)
  Jessica (D:2)
  Robin (D:2)
  3 adders (D:2)
  A worm (D:2)
  A dart slug (D:2)
  2 orcs (D:3)
  4 ball pythons
  5 endoplasms
  2 giant cockroaches
  7 hobgoblins
  3 jackals (D:3)
  4 quokkas
  3 bats
  3 frilled lizards
  12 goblins
  7 kobolds
  3 rats
64 creatures vanquished.

Notes
Turn   | Place    | Note
-------+----------+-------------------------------------------
     0 | D:1      | koil the Hill Orc Wanderer began the quest for the Orb.
     0 | D:1      | koil set off with the following items: a +0 sling, a wand
                  | of mindburst (10), a scroll of fog, a potion of
                  | invisibility, a +0 leather armour.
     0 | D:1      | Reached XP level 1. HP: 14/14 MP: 1/1
   219 | D:1      | Reached XP level 2. HP: 22/22 MP: 2/2
   506 | D:1      | Reached skill level 1 in Fighting
   580 | D:2      | Noticed Jessica
   588 | D:2      | Killed Jessica
   589 | D:2      | Reached XP level 3. HP: 21/28 MP: 3/3
   676 | D:2      | HP: 4/28 [worm (8)]
   798 | D:2      | Reached XP level 4. HP: 29/35 MP: 4/4
  1118 | D:2      | Noticed Robin
  1125 | D:2      | Killed Robin
  1452 | D:3      | Noticed Pargi
  1496 | D:3      | HP: 7/36 [Pargi (2)]
  1498 | D:3      | HP: 2/36 [Pargi (2)]
  1500 | D:3      | Killed Pargi
  1501 | D:3      | Reached XP level 5. HP: 23/42 MP: 5/5
  1571 | D:3      | Found Jofesm's Magic Scroll Shoppe.
  1686 | D:3      | Noticed Grinder
  1689 | D:3      | Killed Grinder
  1690 | D:3      | Reached skill level 5 in Evocations
  1690 | D:3      | Reached XP level 6. HP: 51/51 MP: 6/6
  1905 | D:3      | Found a runed translucent door.
  1906 | D:3      | Noticed Crazy Yiuf
  2066 | D:3      | Killed from afar by an orc priest

Illustrated notes

Levels and vault maps discovered:
D:1:      minmay_arrival_four_circles, layout_basic
D:2:      layout_rooms, minivault_19, uniq_jessica, uniq_robin
D:3:      layout_loops_ring, serial_shops, nicolae_shop_statue_plus, uniq_pargi,
          uniq_grinder, uniq_crazy_yiuf_cottage

Skill      XL: |  1  2  3  4  5  6 |
---------------+-------------------+-----
Fighting       | 1 2 3 |  3.3
Ranged Weapons | 3 |  3.9
Dodging        | 2 3 |  3.0
Armour         | 2 3 |  3.4
Evocations     | 5 |  5.0

Action                   |  1- 3 |  4- 6 || total
-------------------------+-------+-------++-------
Melee: Dagger            |     5 |    79 ||    84
 Fire: Sling             |    82 |   154 ||   236
Evoke: Wand              |       |     5 ||     5
  Use: Potion            |       |     4 ||     4
Armor: Chain mail        |    39 |   195 ||   234
       Leather armour    |     1 |       ||     1
       Scale mail        |     1 |       ||     1
Dodge: Dodged            |    22 |   127 ||   149

Table legend: (Time is in decaauts)
 A = Elapsed time spent in this place.
 B = Non-inter-level travel time spent in this place.
 C = Inter-level travel time spent in this place.
 D = Time resting spent in this place.
 E = Time spent auto-exploring this place.
 F = Levels seen in this place.
 G = Mean time per level.
                   A        B        C        D        E       F      G
               +--------+--------+--------+--------+--------+-----+--------+
         Total |   2222 |   2203 |     19 |      0 |   1531 |   3 |  740.7 |
       Dungeon |   2222 |   2203 |     19 |      0 |   1531 |   3 |  740.7 |
               +--------+--------+--------+--------+--------+-----+--------+

Top non-repeatable levels by time:
     D:2: 834 daAuts
     D:3: 787 daAuts
     D:1: 600 daAuts
